AoeStats
← Kalculus.Billi

Pilgrims

507974845Analyzed
2v2 RM · 12d ago on Sep 20, 2026· 49m 40s· 4 players
Game mode
Random Map
Map size
Medium (4 player)
Population
200
Speed
Normal
Resources
Standard
Victory
Conquest
Starting age
Dark Age
Ending age
Imperial Age
RankedLock teamsTeams togetherTeam positionsShared explorationLock speedFull tech treeHidden civsTurbo modeCheats
Victory
Defeat
🇮🇳 Huns · India
1276
+14
🇮🇳 Japanese · India
1145
+20
🇭🇰 Persians · Hong Kong SAR China
1255
-18
🇭🇰 Shu · Hong Kong SAR China
1214
-16
Lurker
8:37 Loom
10:49 Feudal Age
10:49 Man-at-Arms
21:10 Castle Age
20:54 Double-Bit Axe
20:52 Horse Collar
35:59 Bloodlines
36:05 Husbandry
36:56 Forging
37:33 Scale Barding Armor
41:14 Marauders
46:29 Gold Mining
48:51 Wheelbarrow
48:49 Chain Barding Armor
49:05 Iron Casting
49:27 Stone Mining
Kalculus.Billi
11:21 Feudal Age
12:05 Loom
15:44 Castle Age
14:14 Double-Bit Axe
14:11 Horse Collar
21:08 Scale Mail Armor
30:54 Gambesons
31:10 Squires
37:27 Chain Mail Armor
47:09 Arson
親親我的屁股蛋
4:48 Loom
10:57 Feudal Age
17:34 Castle Age
15:28 Fletching
16:06 Padded Archer Armor
16:47 Gold Mining
17:35 Double-Bit Axe
17:39 Crossbowman
20:08 Bodkin Arrow
24:35 Wheelbarrow
23:45 Town Watch
37:33 Wheelbarrow
36:43 Town Watch
39:27 Gold Shaft Mining
42:51 Leather Archer Armor
44:05 Wheelbarrow
43:16 Town Watch
50:08 Wheelbarrow
julianwhlaw
3:50 Loom
13:01 Feudal Age
14:26 Double-Bit Axe
14:37 Fletching
19:50 Castle Age
18:56 Padded Archer Armor
20:44 Wheelbarrow
19:45 Crossbowman
20:30 Bodkin Arrow
20:54 Medium Warships
21:59 Town Watch
23:32 Forging
23:41 Leather Archer Armor
27:13 Thumb Ring
34:39 Imperial Age
46:13 Scale Barding Armor
47:44 Forging
47:35 Fishing Lines
Connection lost

Rejoining the realm…

Still unreachable

The connection could not be restored.

Session expired

The server has moved on; the page needs a fresh start.